[Event "*** Titled Tuesday Blitz"]
[Site "Chess.com"]
[Date "2019.05.07"]
[Round "1"]
[White "ruvat"]
[Black "volcanoexplorer"]
[Result "1/2-1/2"]
[WhiteElo "2321"]
[BlackElo "2633"]
[TimeControl "180+2"]
[EndTime "13:06:21 PDT"]
[Termination "Game drawn by agreement"]

1. d4 Nf6 2. c4 e6 3. g3 d5 4. Nf3 Nc6 5. Bg2 dxc4 6. Qa4 Bb4+ 7. Bd2 Nd5 8. Bxb4 Nxb4 9. Nc3 Bd7 10. O-O Qe7 11.
a3 Nd5 12. Qxc4 Nb6 13. Qd3 O-O 14. Rfd1 Rfd8 15. Qc2 a5 16. b3 g6 17. e3 Be8 18. Ne4 f5 19. Nc5 Rab8 20. Rab1 Nd5 21. Qb2 e5 22. Rbc1 e4 23. Ne5 Nxe5 24. dxe5 b6 25.
Na4 c5 26. Bf1 Bf7 27. Bc4 Nc7 28. Rxd8+ Qxd8 29. Bxf7+ Kxf7 30. Qc2 Ne6 31. Rd1 Qc7 32. Rd6 1/2-1/2

[Event "*** Titled Tuesday Blitz"]
[Site "Chess.com"]
[Date "2019.05.07"]
[Round "1"]
[White "kacprekt"]
[Black "Ali_rastbod"]
[Result "0-1"]
[WhiteElo "2300"]
[BlackElo "2621"]
[TimeControl "180+2"]
[EndTime "13:06:24 PDT"]
[Termination "Ali_rastbod won by resignation"]

1. d4 g6 2. Nf3 Bg7 3. c4 d6 4. Nc3 Bg4 5. Be3 Nc6 6. d5 Bxf3 7. exf3 Ne5 8. f4 Nd7 9. Bd3 Nh6 10. g4 c6 11. h3 Qa5 12. Qb3 Nc5 13. Bxc5 Qxc5 14. Qxb7 O-O 15. Qxc6 Qb4 16. O-O Qxb2 17. Ne4 Qa3 18.
Rad1 Qxa2 19. Qd7 Rfe8 20. f5 gxf5 21. Ng3 Kh8 22. g5 Rad8 23. Qb7 Ng8 24. Bb1 Qxc4 25. Nxf5 Qf4 26. Nxg7 Qxg5+ 27. Kh1 Qxg7 28. Rg1 Qh6 29. Qb3 Nf6 30. Qd3 Rg8 31. Rxg8+ Rxg8 32. Rg1 Rxg1+ 33. Kxg1 Qg6+ 34. Kf1 Qxd3+ 35. Bxd3 Nxd5 0-1

[Event "*** Titled Tuesday Blitz"]
[Site "Chess.com"]
[Date "2019.05.07"]
[Round "1"]
[White "Warre"]
[Black "DrMelekess"]
[Result "0-1"]
[WhiteElo "2409"]
[BlackElo "2768"]
[TimeControl "180+2"]
[EndTime "13:06:29 PDT"]
[Termination "DrMelekess won by checkmate"]

1. d4 Nf6 2. c4 g6 3. Nc3 Bg7 4. e4 O-O 5. Nf3 d6 6. Be2 e5 7. Be3 Ng4 8. Bg5 f6 9. Bh4 g5 10. Bg3 Nh6 11. dxe5 dxe5 12. Qd5+ Nf7 13. O-O-O c6 14.
Qxd8 Nxd8 15. c5 Be6 16. h4 h6 17. hxg5 hxg5 18. Nd2 Nd7 19. b4 a5 20. a3 b6 21.
cxb6 Nxb6 22. Kb2 Nb7 23. Nf1 axb4 24. axb4 Na4+ 25. Nxa4 Rxa4 26. Kc3 Ra3+ 27. Kd2 Rd8+ 28. Ke1 Rxd1+ 29. Bxd1 Bf8 30. Ne3 Bxb4+ 31. Ke2 Nd6 32. f3 Ra2+ 33. Kf1 Bc5 34. Ng4 Bc4+ 35. Ke1 Bb4# 0-1

[Event "*** Titled Tuesday Blitz"]
[Site "Chess.com"]
[Date "2019.05.07"]
[Round "1"]
[White "FMJoseHerrera"]
[Black "Micki-taryan"]
[Result "0-1"]
[WhiteElo "2501"]
[BlackElo "3051"]
[TimeControl "180+2"]
[EndTime "13:06:31 PDT"]
[Termination "Micki-taryan won by checkmate"]

1. Nf3 Nf6 2. g3 g6 3. Bg2 Bg7 4. d3 O-O 5. Nc3 d5 6. h4 c5 7. Bg5 Nc6 8. Qd2 Bg4 9. Bh6 Qa5 10.
Bxg7 Kxg7 11. h5 Bxh5 12. g4 Nxg4 13. Rxh5 gxh5 14. Qg5+ Kh8 15. Qxd5 Nf6 16. Qf5 Qb4 17. O-O-O Qg4 18. Qxg4 hxg4 19. Ng5 h6 20. Rh1 Kg7 21. Nge4 Nxe4 22. Nxe4 Nd4 23. e3 Ne6 24. Ng3 f5 25. Bxb7 Rab8 26. Bd5 Ng5 27. Nh5+ Kh7 28. Nf4 e5 29. Nh5 Kg6 30. b3 Rbd8 31. c4 f4 32.
e4 a5 33. Kd2 Rd6 34. Kc3 Nf3 35. Kc2 Nd4+ 36. Kd2 Kg5 37. Ng7 Rg6 38. Ne6+ Nxe6 39.
Ke2 Nd4+ 40. Kf1 g3 41. Kg2 gxf2 42. Kxf2 Kf6 43. Rh5 Re8 44. Rh4 Re7 45. Rh5 Reg7 46. Kf1 Rg1+ 47. Kf2 R7g2# 0-1

[Event "*** Titled Tuesday Blitz"]
[Site "Chess.com"]
[Date "2019.05.07"]
[Round "1"]
[White "DanielRensch"]
[Black "Korchmar_Vasiliy"]
[Result "0-1"]
[WhiteElo "2445"]
[BlackElo "2816"]
[TimeControl "180+2"]
[EndTime "13:06:31 PDT"]
[Termination "Korchmar_Vasiliy won by resignation"]

1. e4 c5 2. Nf3 d6 3. d4 cxd4 4. Nxd4 Nf6 5. Nc3 Nc6 6. Bg5 e6 7. Bb5 Bd7 8. Bxc6 bxc6 9. Qf3 Be7 10. O-O-O Qb6 11. e5 dxe5 12. Nb3 Rd8 13. Ne4 Nd5 14.
Bxe7 Kxe7 15. Qg3 Nf6 16. Nec5 Bc8 17. Qxe5 Rd5 18. Rxd5 cxd5 19. f4 Re8 20. Re1 Kf8 21. a4 Kg8 22. a5 Qb4 23. f5 h6 24. fxe6 Bxe6 25. Qd4 Qxe1+ 26. Qd1 Qxd1+ 27. Kxd1 Ne4 28. Nd3 Bg4+ 29. Kc1 Nd6 30. Nd4 Nc4 31. b3 Nxa5 32.
Nc5 Rc8 33. b4 Nc4 34. c3 g5 35. Nb5 a5 0-1

[Event "*** Titled Tuesday Blitz"]
[Site "Chess.com"]
[Date "2019.05.07"]
[Round "1"]
[White "Muracle"]
[Black "annamaja"]
[Result "0-1"]
[WhiteElo "2498"]
[BlackElo "2086"]
[TimeControl "180+2"]
[EndTime "13:06:31 PDT"]
[Termination "annamaja won by resignation"]

1. Nf3 d5 2. g3 Nf6 3. Bg2 c5 4. O-O Nc6 5. d4 e6 6. c4 dxc4 7. Qa4 Be7 8. Ne5 O-O 9. Nxc6 bxc6 10. Qxc6 Rb8 11. Qa4 cxd4 12. Qxa7 Qb6 13. Qxe7 Re8 14. Qa3 e5 15. Nd2 Be6 16. Nf3 e4 17. Ng5 Ra8 18.
Nxe4 Rxa3 19. Nxf6+ gxf6 20. bxa3 c3 21. Bf4 Bf5 22. Bf3 d3 23. exd3 Bxd3 24. Rfe1 Rxe1+ 25. Rxe1 Kg7 26. h4 Qb2 27. Kg2 Qxa2 28. Re3 Qc4 29. h5 h6 30. Re7 c2 31. Rc7 Qxc7 32. Bxc7 c1=Q 33. Bf4 Qxa3 34. Be3 Qa1 35. Kh2 Qf1 36. Bg2 Qd1 37. Bc6 Qxh5+ 38. Kg2 Bf5 39. Kf1 Bg4 40. Kg2 Bh3+ 41. Kg1 Qf5 42. Kh2 Bf1 43. Kg1 Bd3 44.
Bg2 h5 45. Kh2 Be4 0-1

[Event "*** Titled Tuesday Blitz"]
[Site "Chess.com"]
[Date "2019.05.07"]
[Round "1"]
[White "HansCoolNiemann"]
[Black "sergiochess83"]
[Result "1-0"]
[WhiteElo "2490"]
[BlackElo "2882"]
[TimeControl "180+2"]
[EndTime "13:06:34 PDT"]
[Termination "HansCoolNiemann won by resignation"]

1. d4 Nf6 2. c4 g6 3. Nc3 d5 4.
Nf3 Bg7 5. cxd5 Nxd5 6. e4 Nxc3 7. bxc3 c5 8. h3 Qa5 9. Bd2 O-O 10. Be2 Nd7 11. O-O Nf6 12. Qb1 Qc7 13. d5 Nh5 14. Re1 f5 15. e5 e6 16. Bc4 exd5 17. Bxd5+ Kh8 18. c4 Rb8 19. e6 Nf6 20. Qc1 Qe7 21. Bf4 Ra8 22. Ne5 Nh5 23. Nf7+ Kg8 24. Bd6 Qf6 25.
Bxf8 Kxf8 26. e7+ Ke8 27. Nd8 Bd7 28. Bf7+ Qxf7 29. Nxf7 Kxf7 30. Qd2 Bc6 31. Qd8 b6 32. Qxa8 1-0

[Event "*** Titled Tuesday Blitz"]
[Site "Chess.com"]
[Date "2019.05.07"]
[Round "1"]
[White "valeriocarnicelli"]
[Black "FearNoEvil12"]
[Result "1-0"]
[WhiteElo "2512"]
[BlackElo "2011"]
[TimeControl "180+2"]
[EndTime "13:06:41 PDT"]
[Termination "valeriocarnicelli won by checkmate"]

1. e4 a6 2. d4 b5 3. f3 Bb7 4. Be3 e6 5. Nd2 Nf6 6. Bd3 d6 7. Ne2 Nbd7 8. O-O c5 9. c3 Be7 10. Rc1 O-O 11. Ng3 Rc8 12. Qe2 e5 13. Nf5 Re8 14. Nxe7+ Qxe7 15. d5 c4 16. Bb1 Nc5 17. Rf2 Nfd7 18. Nf1 g6 19. Ng3 Rf8 20. Bh6 Rfe8 21.
Qd2 f6 22. Rcf1 g5 23. Nf5 Qf7 24. Nxd6 Qg6 25. Nf5 Nf8 26. h4 Rcd8 27. hxg5 Bc8 28. Bxf8 Kxf8 29. gxf6 Bxf5 30. exf5 Qxf6 31. Be4 Ke7 32.
Qe3 Kd6 33. b4 cxb3 34. axb3 Rb8 35. b4 Nd7 36. Ra2 Rb6 37. Rfa1 Kc7 38. Rc2 Kb7 39. c4 bxc4 40. d6+ Kb8 41. Rxc4 Qxd6 42. Rac1 Rg8 43.
Qc3 Qf8 44. Rc7 Nf6 45. Qxe5 Nxe4 46. Rc8+ Ka7 47. R1c7+ Rb7 48. Rxb7+ Kxb7 49. Qb8# 1-0

[Event "*** Titled Tuesday Blitz"]
[Site "Chess.com"]
[Date "2019.05.07"]
[Round "1"]
[White "cukus"]
[Black "Shahinyan_ChessMood"]
[Result "0-1"]
[WhiteElo "2395"]
[BlackElo "2738"]
[TimeControl "180+2"]
[EndTime "13:06:42 PDT"]
[Termination "Shahinyan_ChessMood won by checkmate"]

1. e4 e6 2. d4 d5 3. Nc3 Bb4 4. e5 c5 5. a3 Bxc3+ 6. bxc3 Ne7 7.
Qg4 Qc7 8. Bd3 cxd4 9. Ne2 dxc3 10. Qxg7 Rg8 11. Qxh7 Nd7 12. f4 Rxg2 13. Be3 b6 14.
h4 Bb7 15. h5 Nc5 16. Rg1 Rxg1+ 17. Nxg1 Nxd3+ 18. Qxd3 O-O-O 19. Nf3 d4 20. Bf2 Nf5 21. Ng5 Rh8 22. Ke2 Rxh5 23. Rg1 Bd5 24. Kd1 Rh2 25.
Ne4 Bxe4 26. Qxe4 Rxf2 27. Rg8+ Kd7 28. Qa8 Rf1+ 29. Ke2 Qc4# 0-1

[Event "*** Titled Tuesday Blitz"]
[Site "Chess.com"]
[Date "2019.05.07"]
[Round "1"]
[White "r31415"]
[Black "Sadikhov_Ulvi"]
[Result "0-1"]
[WhiteElo "2353"]
[BlackElo "2672"]
[TimeControl "180+2"]
[EndTime "13:06:43 PDT"]
[Termination "Sadikhov_Ulvi won by resignation"]

1. e4 c5 2. Nf3 Nc6 3. d4 cxd4 4. Nxd4 Qb6 5. Nb3 Nf6 6. Nc3 e6 7. Be3 Qc7 8. a3 a6 9. Be2 b5 10. O-O Bb7 11. f4 d6 12. Bf3 Be7 13. Kh1 O-O 14.
Qe1 Nd7 15. g4 b4 16. axb4 Nxb4 17. Qf2 Rac8 18. g5 Rfe8 19. h4 Bf8 20. h5 d5 21. e5 Nc5 22. Nd4 Ne4 23. Bxe4 dxe4 24. Qh4 Bc5 25. Rac1 Bxd4 26. Bxd4 e3+ 27. Kg1 Qc6 28.
Qh2 Nd5 29. Nxd5 Qxd5 30. Bxe3 Rc4 31. b3 Rc3 32. Rfe1 Qf3 33. Bf2 Qg4+ 34. Kf1 Rh3 35.
Qg1 Rh1 0-1

[Event "*** Titled Tuesday Blitz"]
[Site "Chess.com"]
[Date "2019.05.07"]
[Round "1"]
[White "kintoho"]
[Black "MFBerna"]
[Result "1-0"]
[WhiteElo "2574"]
[BlackElo "2247"]
[TimeControl "180+2"]
[EndTime "13:06:49 PDT"]
[Termination "kintoho won on time"]

1. e4 c6 2. d4 d5 3. e5 c5 4. c4 cxd4 5. Qxd4 Nc6 6. Qxd5 Qxd5 7. cxd5 Nxe5 8. Bf4 Ng6 9. Bg3 Nf6 10. Nc3 Bd7 11.
O-O-O Rc8 12. Nf3 Ne4 13. Kc2 e6 14. dxe6 fxe6 15. Re1 Nxc3 16. bxc3 Ba3 17. Nd4 Kf7 18. Nb5 Bxb5 19. Bxb5 Rhd8 20. Re3 Bc5 21. Rf3+ Kg8 22. Bc4 Rc6 23. Re1 Nf8 24. Bb3 a5 25. Re4 b5 26.
a4 b4 27. c4 Bb6 28. Rd3 Rxd3 29. Kxd3 Kf7 30. Re5 Nd7 31. Rb5 Nc5+ 32. Kc2 Nxb3 33.
Kxb3 Bd8 34. Be5 g6 35. Rb7+ Be7 36. Ra7 Rc5 37. Bd6 1-0

[Event "*** Titled Tuesday Blitz"]
[Site "Chess.com"]
[Date "2019.05.07"]
[Round "1"]
[White "Kangoroo3000"]
[Black "pedro_gines"]
[Result "1-0"]
[WhiteElo "2667"]
[BlackElo "2351"]
[TimeControl "180+2"]
[EndTime "13:06:51 PDT"]
[Termination "Kangoroo3000 won by resignation"]

1. d4 d6 2. c4 e5 3. d5 g6 4. e4 Bh6 5. Nc3 Bxc1 6. Rxc1 a5 7. Bd3 Na6 8. Nge2 Nc5 9. Bc2 Bd7 10. O-O Qe7 11.
b3 f5 12. exf5 gxf5 13. f3 Nf6 14. a3 O-O 15. b4 axb4 16. axb4 Na6 17. Rb1 c6 18.
Ng3 f4 19. Nge4 Ne8 20. Qd2 Nac7 21. Rfd1 cxd5 22. Nxd5 Nxd5 23. Qxd5+ Be6 24. Qd3 Bf5 25. Ra1 Rc8 26. Qe2 Bg6 27. Ra7 Kh8 28. Kh1 Qe6 29.
Bd3 d5 30. Nc5 Qc6 31. Bxg6 Qxg6 32. cxd5 Rg8 33. Rxb7 Nd6 34. Qxe5+ 1-0

[Event "*** Titled Tuesday Blitz"]
[Site "Chess.com"]
[Date "2019.05.07"]
[Round "1"]
[White "Kirill_Klukin"]
[Black "EuropeanChampion"]
[Result "0-1"]
[WhiteElo "2525"]
[BlackElo "2305"]
[TimeControl "180+2"]
[EndTime "13:06:51 PDT"]
[Termination "EuropeanChampion won by resignation"]

1. Nf3 d5 2. d4 Nf6 3. c4 g6 4.
Nc3 Bg7 5. cxd5 Nxd5 6. Bd2 O-O 7.
e4 Nxc3 8. Bxc3 Bg4 9. Be2 c5 10. d5 Nd7 11. Nd2 Bxe2 12. Qxe2 Bxc3 13. bxc3 Qa5 14. O-O Qxc3 15. Rfc1 Qe5 16. Nc4 Qg7 17. Rab1 b6 18. a4 Ne5 19. Ne3 f5 20. f4 Nd7 21.
e5 g5 22. e6 gxf4 23. Nc4 Nf6 24. Rd1 Ne4 25. Qf3 Nc3 26. Rbc1 Nxd1 27. Rxd1 Qg4 28. Qf1 f3 29. g3 f2+ 30. Kxf2 f4 31. Qd3 fxg3+ 32.
Kg2 gxh2+ 33. Kh1 Rf2 0-1

[Event "*** Titled Tuesday Blitz"]
[Site "Chess.com"]
[Date "2019.05.07"]
[Round "1"]
[White "TheGandhiOfChess"]
[Black "Orange_Ghost"]
[Result "0-1"]
[WhiteElo "2317"]
[BlackElo "2666"]
[TimeControl "180+2"]
[EndTime "13:06:56 PDT"]
[Termination "Orange_Ghost won by resignation"]

1. e4 e6 2. d4 d5 3. Nc3 Bb4 4. e5 c5 5. a3 Ba5 6. b4 cxd4 7.
Nb5 Bc7 8. f4 Bd7 9. Nf3 Bxb5 10. Bxb5+ Nc6 11. Nxd4 Ne7 12. c4 O-O 13. cxd5 Nxd4 14.
Qxd4 Bb6 15. Qe4 Nxd5 16. Bd3 g6 17. Bd2 Qd7 18. h4 Rfd8 19. Ke2 Ne7 20. g4 Rac8 21.
Rad1 Qa4 22. Rh3 Qxa3 23. h5 Rd4 24. Qxb7 Rcd8 25. Bc1 Qa2+ 26. Rd2 Qd5 27. Qxd5 Nxd5 28. Rd1 Nc3+ 0-1

[Event "*** Titled Tuesday Blitz"]
[Site "Chess.com"]
[Date "2019.05.07"]
[Round "1"]
[White "Saitama_Hero"]
[Black "DoHoChess"]
[Result "0-1"]
[WhiteElo "2215"]
[BlackElo "2541"]
[TimeControl "180+2"]
[EndTime "13:06:56 PDT"]
[Termination "DoHoChess won by resignation"]

1. d4 Nf6 2. c4 e6 3. Nc3 Bb4 4. f3 c5 5. a3 Bxc3+ 6. bxc3 d5 7. cxd5 exd5 8. e3 O-O 9. Bd3 Re8 10. Ne2 Nc6 11. O-O Bd7 12. Ra2 Qc8 13. Nf4 c4 14. Bb1 Bf5 15. Bd2 b5 16. Nxd5 Nxd5 17. e4 Bg6 18.
exd5 Ne7 19. Bxg6 hxg6 20. d6 Nd5 21. a4 a6 22. Qb1 Qd7 23. Qa1 b4 24. cxb4 Qxd6 25.
Bc3 Re3 26. Bd2 Re2 27. Qd1 Rae8 28. Rc2 c3 29. Bc1 Rxc2 30. Qxc2 Qxb4 31. Rd1 Qc4 32. Qd3 Qxd3 0-1

[Event "*** Titled Tuesday Blitz"]
[Site "Chess.com"]
[Date "2019.05.07"]
[Round "1"]
[White "eugeniusjr"]
[Black "eldur16"]
[Result "1/2-1/2"]
[WhiteElo "1919"]
[BlackElo "2494"]
[TimeControl "180+2"]
[EndTime "13:06:58 PDT"]
[Termination "Game drawn by agreement"]

1. c4 e5 2. g3 Nf6 3. Bg2 d5 4.
cxd5 Nxd5 5. Nc3 Nb6 6. Nf3 Nc6 7. O-O Be7 8. a3 O-O 9. b4 Be6 10. d3 f6 11. Bb2 a5 12. b5 Nd4 13. Nxd4 exd4 14. Ne4 a4 15. Rc1 Bd5 16. Qc2 f5 17. Nc5 Bxg2 18. Kxg2 Qd5+ 19. Kg1 Ra5 20. Ba1 Rxb5 21.
Nxa4 Bxa3 22. Nxb6 Rxb6 23. Qxc7 Rc6 24. Rxc6 bxc6 25.
Qa7 Bc5 26. Qa5 f4 27. Rc1 fxg3 28. hxg3 Qf5 29. f3 Qe5 30. Qxc5 Qxg3+ 31. Kf1 Rxf3+ 32.
exf3 Qxf3+ 33. Ke1 Qe3+ 34. Kd1 Qxd3+ 35. Ke1 Qe3+ 1/2-1/2

[Event "*** Titled Tuesday Blitz"]
[Site "Chess.com"]
[Date "2019.05.07"]
[Round "1"]
[White "GuerrieroFromLevant"]
[Black "xamax2000"]
[Result "0-1"]
[WhiteElo "2270"]
[BlackElo "2588"]
[TimeControl "180+2"]
[EndTime "13:07:01 PDT"]
[Termination "xamax2000 won by resignation"]

1. e4 c5 2. Nf3 d6 3. Bb5+ Bd7 4.
Bxd7+ Qxd7 5. c4 Nf6 6. Nc3 g6 7. d4 cxd4 8. Nxd4 Bg7 9. f3 O-O 10. Be3 Nc6 11. O-O a6 12. Na4 Qd8 13. b3 Nd7 14. Rc1 Rc8 15. Qd3 Nc5 16. Nxc6 Nxd3 17. Nxd8 Nxc1 18. Nxb7 Nxa2 19. Bd2 Rb8 20. Na5 Rfc8 21.
Kf2 Nb4 22. Ke2 Nc6 23. Nxc6 Rxc6 24. Rb1 Rxc4 25. bxc4 Rxb1 26. Kd3 Rg1 27. g3 Rg2 28. c5 dxc5 29. Nxc5 Rxh2 30. Nxa6 Rh3 31. Be1 Be5 0-1

[Event "*** Titled Tuesday Blitz"]
[Site "Chess.com"]
[Date "2019.05.07"]
[Round "1"]
[White "Vamostodorecto"]
[Black "Arystanner"]
[Result "1-0"]
[WhiteElo "2418"]
[BlackElo "2746"]
[TimeControl "180+2"]
[EndTime "13:07:05 PDT"]
[Termination "Vamostodorecto won by resignation"]

1. d4 Nf6 2. c4 e6 3. Nc3 Bb4 4. a3 Bxc3+ 5. bxc3 d5 6. cxd5 exd5 7. f3 O-O 8. e3 b6 9. Bd3 Ba6 10. Ne2 c5 11.
O-O Bxd3 12. Qxd3 Nc6 13. Ng3 Re8 14. Ra2 Rc8 15. Re2 g6 16. Bb2 h5 17. Nh1 Rc7 18. Nf2 Rce7 19. Rfe1 Na5 20. e4 Nc4 21. Bc1 cxd4 22.
cxd4 Nh7 23. e5 Qd7 24. f4 Nf8 25. Qf3 Ne6 26. Rd1 Ng7 27. g4 hxg4 28. Nxg4 Nh5 29.
Rg2 Kh7 30. Qh3 Qf5 31. Nf6+ Kh6 32. Qxf5 gxf5 33. Nxe8 Rxe8 34. Rg5 Ng7 35. Kf2 Ne6 36. Rg2 Rc8 37. Rd3 1-0

[Event "*** Titled Tuesday Blitz"]
[Site "Chess.com"]
[Date "2019.05.07"]
[Round "1"]
[White "FrenchMonster2002"]
[Black "SaraciNderim"]
[Result "0-1"]
[WhiteElo "2389"]
[BlackElo "2732"]
[TimeControl "180+2"]
[EndTime "13:07:09 PDT"]
[Termination "SaraciNderim won by resignation"]

1. e4 e5 2. Nf3 Nc6 3. d4 exd4 4. Nxd4 Nf6 5. Nxc6 bxc6 6. Qe2 Qe7 7. Nc3 d5 8. exd5 cxd5 9. Nb5 Qxe2+ 10. Bxe2 Kd7 11. Bg5 c6 12. Nd4 Ne4 13. Be3 Bb4+ 14. c3 Nxc3 15. Bg4+ Kc7 16. Bxc8 Nb5+ 17. Kf1 Rhxc8 18. Rc1 Nxd4 19.
Bxd4 g6 20. h4 h5 21. f3 Kd7 22. g4 c5 23. Bf6 Rc6 24. Bg5 c4 25. gxh5 gxh5 26.
Kg2 Rb8 27. Rhd1 Rb5 28. Rc2 Bd6 29. Rcd2 Rcb6 30. Rxd5 Rxd5 31. Rxd5 Rxb2+ 32. Kf1 Kc6 33. Ra5 Bc5 34. Ke1 c3 35. Kd1 Rg2 36. Kc1 Kb6 37.
Ra4 Kb5 38. Re4 Ba3+ 39. Kd1 c2+ 0-1

[Event "*** Titled Tuesday Blitz"]
[Site "Chess.com"]
[Date "2019.05.07"]
[Round "1"]
[White "RegZryt"]
[Black "AlexandraBotez"]
[Result "1-0"]
[WhiteElo "2511"]
[BlackElo "1995"]
[TimeControl "180+2"]
[EndTime "13:07:14 PDT"]
[Termination "RegZryt won by resignation"]

1. d4 Nf6 2. c4 g6 3. Nc3 Bg7 4.
e4 d6 5. Be2 O-O 6. Be3 Nbd7 7.
g4 h5 8. gxh5 e5 9. d5 a5 10. hxg6 fxg6 11. Qd2 Nc5 12. f3 Nh5 13. O-O-O Nf4 14. h4 Qe8 15. Bf1 Qf7 16. Kb1 a4 17. Nh3 Bxh3 18. Bxh3 a3 19. b3 Ncd3 20. Qxd3 Nxd3 21.
Be6 Qxe6 22. dxe6 Nf4 23. Bxf4 Rxf4 24. Nd5 Rxf3 25. Nxc7 Rb8 26. e7 Kf7 27. e8=Q+ Rxe8 28. Nxe8 Kxe8 29. Rxd6 Kf7 30. Rd7+ Kf6 31. Rhd1 Bf8 32. Rxb7 Bc5 33. Rd2 Rf1+ 34. Kc2 Rf3 35. b4 Bd4 36. c5 Rc3+ 37. Kd1 Ke6 38. Rb6+ Kf7 39. Rd6 Rh3 40. c6 Rh1+ 41. Kc2 Rh3 42. Rd3 Rh2+ 43. Kb3 Rxh4 44. c7 1-0

[Event "*** Titled Tuesday Blitz"]
[Site "Chess.com"]
[Date "2019.05.07"]
[Round "1"]
[White "jacky72"]
[Black "monalize"]
[Result "1/2-1/2"]
[WhiteElo "2646"]
[BlackElo "2342"]
[TimeControl "180+2"]
[EndTime "13:07:15 PDT"]
[Termination "Game drawn - insufficient material"]

1. d4 Nf6 2. c4 d6 3. Nc3 e5 4. g3 Nbd7 5. Bg2 g6 6. Nf3 Bg7 7. O-O O-O 8. b3 exd4 9. Nxd4 Re8 10. Bb2 Nc5 11. Re1 a5 12. e4 c6 13. Qc2 Qc7 14. Rad1 Ng4 15. h3 Ne5 16. f4 Ned7 17. Qd2 Qb6 18. Kh2 a4 19. Qc2 axb3 20. axb3 Na6 21.
Na4 Qc7 22. Qd2 Ndc5 23. Nxc5 Nxc5 24. b4 Na4 25. Ba1 Nb6 26. c5 dxc5 27. bxc5 Nd7 28. Nb3 Bxa1 29. Rxa1 Rxa1 30. Rxa1 Nf8 31. Qd6 Qd7 32. Nd4 Rd8 33. Qxd7 Nxd7 34. Nb3 Kf8 35. e5 Ke7 36. Kg1 f6 37. exf6+ Nxf6 38. Ra8 Be6 39. Rxd8 Kxd8 40. Nd4 Bd5 41. g4 Bxg2 42. Kxg2 Nd7 43.
Nb3 Ke7 44. Kf3 Ke6 45. Ke4 Nf6+ 46. Kd4 h5 47. Na5 hxg4 48. hxg4 Nxg4 49. Nxb7 Nf6 50. Nd8+ Kd7 51. Nf7 Ke6 52. Ne5 Nh5 53. Ke4 Ng3+ 54. Kd4 Nf5+ 55. Ke4 Ne7 56. Nf3 Kf6 57. Nd4 g5 58. f5 g4 59. Kf4 g3 60. Kf3 Nxf5 61.
Nxc6 Ke6 62. Nb4 Kd7 63. Kg2 Kc7 64. Kf3 Nd4+ 65. Kxg3 Ne6 66. c6 Nd4 67. Kf4 Nxc6 68. Nxc6 1/2-1/2

[Event "*** Titled Tuesday Blitz"]
[Site "Chess.com"]
[Date "2019.05.07"]
[Round "1"]
[White "FancyPlaySyndrome"]
[Black "Perecke"]
[Result "1-0"]
[WhiteElo "2519"]
[BlackElo "2097"]
[TimeControl "180+2"]
[EndTime "13:07:15 PDT"]
[Termination "FancyPlaySyndrome won by resignation"]

1. e4 e5 2. Nf3 Nc6 3. Bb5 a6 4. Bxc6 dxc6 5. O-O Bg4 6. c3 h5 7. d4 exd4 8. cxd4 Bxf3 9. Qxf3 Qxd4 10. Rd1 Qf6 11.
Bf4 Bd6 12. e5 Bxe5 13. Re1 Ne7 14. Rxe5 O-O-O 15. Nc3 Ng6 16. Re4 Rhe8 17. Be3 Qxf3 18. gxf3 Ne5 19. f4 Nf3+ 20. Kg2 Nh4+ 21. Kh3 Nf5 22.
Rxe8 Rxe8 23. Rd1 Nxe3 24. fxe3 Rxe3+ 25. Kh4 g6 26. Kg5 Rf3 27. Rd2 Rf1 28. Ne4 b6 29. Nf2 Rg1+ 30. Kf6 Rg2 31. h3 h4 32. Kxf7 g5 33. f5 g4 34. Ke7 g3 35. Rd8+ Kb7 36.
Ng4 Re2+ 37. Kf8 g2 38. Rd1 Re4 39. Nh6 Rf4 40. Rg1 Rf2 41. Kg7 Rf3 42. f6 Rg3+ 43.
Kh7 Rxh3 44. Rxg2 Rf3 45. f7 h3 46. Rh2 c5 47. Kg6 Rg3+ 48. Kf6 Rf3+ 49. Nf5 1-0

[Event "*** Titled Tuesday Blitz"]
[Site "Chess.com"]
[Date "2019.05.07"]
[Round "1"]
[White "Msb2"]
[Black "pedromartinez91"]
[Result "1-0"]
[WhiteElo "2966"]
[BlackElo "2498"]
[TimeControl "180+2"]
[EndTime "13:07:18 PDT"]
[Termination "Msb2 won by resignation"]

1. d4 Nf6 2. c4 c5 3. d5 e6 4. Nc3 exd5 5. cxd5 Bd6 6. e4 O-O 7.
Nf3 Re8 8. Bd3 Bc7 9. O-O d6 10. h3 a6 11. a4 Ba5 12. Bf4 Qc7 13. Nd2 Nbd7 14. Nc4 Ne5 15. Nxa5 Qxa5 16. Be2 Qb4 17. Qc2 Bd7 18. Bg5 Ng6 19. Bxf6 gxf6 20. Qd2 Kg7 21. h4 Nxh4 22. Qf4 Ng6 23. Qxd6 Rad8 24. Qg3 Qd4 25.
Rad1 Qb4 26. Qe3 f5 27. f4 Bxa4 28. Nxa4 Rxe4 29. Qc3+ f6 30. Qxb4 Rxb4 31. Nxc5 Rxb2 32. Ne6+ Kh6 33. Nxd8 Rxe2 34. d6 Nh4 35. Rf2 Re3 36.
d7 Rg3 37. Nf7+ 1-0

[Event "*** Titled Tuesday Blitz"]
[Site "Chess.com"]
[Date "2019.05.07"]
[Round "1"]
[White "Cocaino74"]
[Black "Doraemon7"]
[Result "0-1"]
[WhiteElo "2283"]
[BlackElo "2602"]
[TimeControl "180+2"]
[EndTime "13:07:19 PDT"]
[Termination "Doraemon7 won by resignation"]

1. d4 Nf6 2. Nf3 d5 3. Bg5 Ne4 4. Bh4 c6 5. e3 Qb6 6. Qc1 f6 7. Bd3 Bg4 8. Bxe4 dxe4 9. Nfd2 Bf5 10. Nc3 Nd7 11. O-O e5 12. dxe5 Nxe5 13. Bg3 O-O-O 14.
Bxe5 fxe5 15. Ndxe4 Qb4 16. a3 Qc4 17. b3 Qe6 18. Rd1 Be7 19. Rxd8+ Rxd8 20. Qf1 Qg6 21. f3 h5 22. Rd1 Rxd1 23. Qxd1 Bxa3 24. Qa1 Bb4 25.
Qxa7 Bxc3 26. Qa8+ Kc7 27. Nxc3 Bh3 28. Qa5+ Kc8 29.
Qa8+ Kc7 30. Qa5+ Kd7 31. g3 Qxc2 0-1

[Event "*** Titled Tuesday Blitz"]
[Site "Chess.com"]
[Date "2019.05.07"]
[Round "1"]
[White "RATNAKARAN"]
[Black "GrigorGrigorov"]
[Result "0-1"]
[WhiteElo "2447"]
[BlackElo "2825"]
[TimeControl "180+2"]
[EndTime "13:07:20 PDT"]
[Termination "GrigorGrigorov won by resignation"]

1. e4 c6 2. d3 d5 3. Nd2 e5 4. g3 Nf6 5. Bg2 Bd6 6. Ne2 O-O 7. O-O Re8 8. h3 a5 9. a4 Na6 10. f4 dxe4 11. dxe4 exf4 12. gxf4 Bc5+ 13. Kh1 Ng4 14. Ng3 Nf2+ 15. Rxf2 Bxf2 16. Qf3 Bxg3 17. Qxg3 Nb4 18.
b3 Nxc2 19. Bb2 f6 20. Rd1 Be6 21. f5 Bf7 22. e5 fxe5 23. Bxe5 Rxe5 24. Qxe5 Qd3 25.
f6 Rd8 26. Qxa5 Ne3 27. Qg5 Bg6 28. f7+ Bxf7 29. Re1 Nxg2 30. Qxg2 Qxd2 0-1

[Event "*** Titled Tuesday Blitz"]
[Site "Chess.com"]
[Date "2019.05.07"]
[Round "1"]
[White "Chessdude1987"]
[Black "amatatanav"]
[Result "0-1"]
[WhiteElo "2105"]
[BlackElo "2531"]
[TimeControl "180+2"]
[EndTime "13:07:20 PDT"]
[Termination "amatatanav won by checkmate"]

1. e4 c5 2. b3 g6 3. Bb2 Nf6 4. e5 Nd5 5. e6 f6 6. exd7+ Bxd7 7. Nc3 Nxc3 8. Bxc3 e5 9. Qe2 Bd6 10. f4 O-O 11. fxe5 fxe5 12. O-O-O Nc6 13. Nf3 Nd4 14.
Bxd4 cxd4 15. Nxe5 Re8 16. Qc4+ Be6 17. Qb5 a6 18.
Qxb7 Bxe5 19. h4 Qd5 20. Qb4 a5 21. Qa4 Qc5 22. Bd3 Bf4 23. h5 g5 24. Rde1 Qc3 25.
Rxe6 Qa1# 0-1

[Event "*** Titled Tuesday Blitz"]
[Site "Chess.com"]
[Date "2019.05.07"]
[Round "1"]
[White "TregubovP"]
[Black "NM2019"]
[Result "1-0"]
[WhiteElo "2532"]
[BlackElo "2141"]
[TimeControl "180+2"]
[EndTime "13:07:26 PDT"]
[Termination "TregubovP won by resignation"]

1. d4 e6 2. c4 f5 3. g3 Nf6 4. Bg2 Be7 5. Nf3 O-O 6. O-O d6 7. b3 Ne4 8. Bb2 a5 9. Nfd2 d5 10.
Nxe4 fxe4 11. Nc3 c6 12. f3 exf3 13. Bxf3 Bf6 14. e4 Nd7 15. cxd5 cxd5 16. exd5 Qb6 17.
Na4 Qd6 18. dxe6 Qxe6 19. Qd2 Nb6 20. d5 Qd6 21. Bxf6 Rxf6 22. Nc3 Bf5 23. Qd4 Rd8 24.
Nb5 Qb4 25. Qxb4 axb4 26. Rad1 Bd7 27. Nd4 Bh3 28. Rf2 Nxd5 29. Nc2 Rfd6 30. Rfd2 Be6 31. Nxb4 Nxb4 32. Rxd6 Rxd6 33. Rxd6 Kf7 34. a3 Nc2 35. Bd5 Bxd5 36. Rxd5 Nxa3 37. Rd7+ Kf6 38. Rxb7 Nc2 39. b4 Nd4 40. b5 g5 41. b6 Nf3+ 42. Kf2 Nxh2 43. Rxh7 Ng4+ 44. Ke2 Kg6 45. Rc7 Nf6 46. b7 1-0